[ AOE2 MATCH · #474249078 ]
1v1 RMBurgundians vs Turks
Rival team · WIN
[ REPLAY ANALYSIS · EXTRACTED FROM THE RECORDED GAME ]
Feudal
12:45
Castle
24:51
Imperial
—
| APM avg | 10.2 |
| APM peak | 31 |
| eAPM avg | 6.7 |
| Villagers / military | 42 / 26 |
Focus
⚔️ 10.7% · 🌾 89.3%
Knight ×26
Feudal
16:40
Castle
22:48
Imperial
—
| APM avg | 9.2 |
| APM peak | 36 |
| eAPM avg | 7.2 |
| Villagers / military | 44 / 7 |
Focus
⚔️ 11.2% · 🌾 88.8%
Janissary ×7
Match map
Initial resources + every placement click. Lines = walls · curves = elevation contours. ◆ gold · ⬟ stone · ● berries · ✦ relic · ◌ wall gap
Your base· ✓ Closed at 24:51 · 0t walls · 2 gate(s)
HeroGaming's base· ✓ Closed at 22:48 · 0t walls · 2 gate(s)
Smoothed initial terrain · ◌ = detected wall gap · hover for details
Inputs per minute
— Big Black Cheif - - HeroGaming
Build order — Big Black Cheif
120 actions detected in the replay
| 0:04 | Create | Villager (Male) |
| 0:04 | Create | Villager (Male) |
| 0:05 | Build | House |
| 0:08 | Build | House |
| 0:40 | Create | Villager (Male) |
| 1:54 | Create | Villager (Male) |
| 1:54 | Create | Villager (Male) |
| 2:25 | Create | Villager (Male) |
| 2:32 | Build | Lumber Camp |
| 3:17 | Build | House |
| 3:35 | Create | Villager (Male) |
| 3:35 | Create | Villager (Male) |
| 4:15 | Create | Villager (Male) |
| 4:15 | Create | Villager (Male) |
| 4:15 | Create | Villager (Male) |
| 5:48 | Create | Villager (Male) |
| 5:49 | Create | Villager (Male) |
| 6:22 | Create | Villager (Male) |
| 6:46 | Build | Mill |
| 7:45 | Create | Villager (Male) |
| 7:45 | Create | Villager (Male) |
| 8:46 | Create | Villager (Male) |
| 8:47 | Create | Villager (Male) |
| 8:47 | Create | Villager (Male) |
| 8:57 | Build | House |
| 9:03 | Build | House |
| 9:41 | Build | Mining Camp |
| 9:59 | Build | Mining Camp |
| 10:08 | Build | Farm |
| 10:09 | Build | Farm |
| 10:15 | Build | Farm |
| 10:16 | Create | Villager (Male) |
| 10:22 | Research | Feudal Age |
| 10:44 | Build | Mining Camp |
| 11:19 | Build | House |
| 11:29 | Research | Gold Mining |
| 11:34 | Research | Double-Bit Axe |
| 11:38 | Create | Villager (Male) |
| 12:24 | Research | Horse Collar |
| 12:45 | Age | Feudal Age |
| 12:47 | Create | Villager (Male) |
| 13:22 | Build | Farm |
| 13:23 | Build | Farm |
| 13:28 | Build | Farm |
| 13:46 | Build | Lumber Camp |
| 14:18 | Build | Farm |
| 14:22 | Build | Farm |
| 14:30 | Create | Villager (Male) |
| 14:30 | Create | Villager (Male) |
| 14:30 | Create | Villager (Male) |
| 14:46 | Research | Bow Saw |
| 15:07 | Build | Farm |
| 15:30 | Create | Villager (Male) |
| 15:37 | Build | House |
| 15:51 | Build | House |
| 16:13 | Build | Farm |
| 16:27 | Create | Villager (Male) |
| 16:28 | Create | Villager (Male) |
| 17:05 | Build | Barracks |
| 17:26 | Create | Villager (Male) |
| 17:26 | Create | Villager (Male) |
| 17:27 | Create | Villager (Male) |
| 17:55 | Build | Farm |
| 17:57 | Build | Farm |
| 17:59 | Build | Farm |
| 18:02 | Build | Farm |
| 18:04 | Build | Farm |
| 18:07 | Create | Villager (Male) |
| 18:08 | Create | Villager (Male) |
| 18:31 | Create | Villager (Male) |
| 18:47 | Build | Stable |
| 18:49 | Build | Stable |
| 19:10 | Build | Stable |
| 19:22 | Build | Farm |
| 19:37 | Build | Blacksmith |
| 19:42 | Create | Villager (Male) |
| 20:01 | Build | Market |
| 20:20 | Create | Villager (Male) |
| 20:20 | Create | Villager (Male) |
| 20:28 | Build | Farm |
| 20:29 | Build | Farm |
| 20:36 | Build | Farm |
| 20:40 | Create | Villager (Male) |
| 20:56 | Build | House |
| 20:58 | Build | House |
| 21:01 | Build | House |
| 21:22 | Build | Farm |
| 21:46 | Build | House |
| 21:51 | Research | Gold Shaft Mining |
| 22:04 | Research | Scale Barding Armor |
| 22:05 | Research | Forging |
| 22:11 | Research | Castle Age |
| 22:44 | Build | Stable |
| 22:53 | Build | House |
| 22:54 | Build | House |
| 22:56 | Build | House |
| 23:02 | Build | House |
| 23:03 | Build | House |
| 23:21 | Build | House |
| 23:24 | Build | House |
| 23:25 | Build | House |
| 24:10 | Build | House |
| 24:12 | Build | House |
| 24:13 | Build | House |
| 24:40 | Create | Villager (Male) |
| 24:40 | Create | Villager (Male) |
| 24:41 | Create | Villager (Male) |
| 24:43 | Create | Villager (Male) |
| 24:51 | Age | Castle Age |
| 25:09 | Research | Cavalier (upgrade) |
| 25:10 | Research | Husbandry |
| 25:14 | Research | Chain Barding Armor |
| 25:15 | Research | Iron Casting |
| 25:26 | Create | Knight ×5 |
| 25:26 | Create | Knight ×5 |
| 25:26 | Create | Knight ×4 |
| 26:12 | Build | Town Center |
| 27:24 | Create | Knight ×5 |
| 27:24 | Create | Knight ×5 |
| 27:24 | Create | Knight ×2 |
Build order — HeroGaming
108 actions detected in the replay
| 0:05 | Build | House |
| 0:06 | Build | House |
| 0:08 | Create | Villager (Male) |
| 0:09 | Create | Villager (Male) |
| 0:09 | Create | Villager (Male) |
| 0:09 | Create | Villager (Male) |
| 0:09 | Create | Villager (Male) |
| 0:50 | Build | House |
| 0:52 | Build | House |
| 0:57 | Build | House |
| 2:03 | Create | Villager (Male) |
| 2:04 | Create | Villager (Male) |
| 2:43 | Create | Villager (Male) |
| 2:52 | Create | Villager (Male) |
| 4:02 | Create | Villager (Male) |
| 4:02 | Create | Villager (Male) |
| 4:03 | Create | Villager (Male) |
| 4:34 | Create | Villager (Male) |
| 4:34 | Create | Villager (Male) |
| 4:34 | Create | Villager (Male) |
| 5:14 | Create | Villager (Male) |
| 5:14 | Create | Villager (Male) |
| 5:27 | Create | Villager (Male) |
| 5:28 | Create | Villager (Male) |
| 5:33 | Create | Villager (Male) |
| 5:34 | Create | Villager (Male) |
| 6:41 | Create | Villager (Male) |
| 6:42 | Create | Villager (Male) |
| 6:42 | Create | Villager (Male) |
| 7:32 | Build | Mining Camp |
| 7:36 | Create | Villager (Male) |
| 8:36 | Build | Lumber Camp |
| 8:40 | Create | Villager (Male) |
| 8:42 | Create | Villager (Male) |
| 8:42 | Create | Villager (Male) |
| 8:42 | Create | Villager (Male) |
| 9:22 | Build | Mill |
| 10:31 | Create | Villager (Male) |
| 11:06 | Create | Villager (Male) |
| 11:07 | Create | Villager (Male) |
| 11:39 | Create | Villager (Male) |
| 11:40 | Create | Villager (Male) |
| 12:35 | Create | Villager (Male) |
| 12:45 | Build | House |
| 12:49 | Build | House |
| 12:50 | Build | House |
| 13:06 | Create | Villager (Male) |
| 13:06 | Create | Villager (Male) |
| 14:30 | Research | Feudal Age |
| 14:42 | Build | Farm |
| 14:46 | Build | Farm |
| 14:49 | Build | Farm |
| 14:52 | Build | Farm |
| 14:55 | Build | Farm |
| 14:57 | Build | Farm |
| 14:58 | Build | Farm |
| 15:00 | Build | Farm |
| 16:40 | Age | Feudal Age |
| 16:44 | Research | Double-Bit Axe |
| 16:46 | Create | Villager (Male) |
| 16:47 | Research | Wheelbarrow |
| 16:50 | Research | Horse Collar |
| 17:19 | Build | Farm |
| 17:20 | Build | Farm |
| 17:22 | Build | Farm |
| 17:24 | Build | Farm |
| 17:26 | Build | Farm |
| 17:29 | Build | Farm |
| 18:09 | Research | Town Watch |
| 18:10 | Create | Villager (Male) |
| 18:17 | Create | Villager (Male) |
| 18:18 | Create | Villager (Male) |
| 18:30 | Build | Blacksmith |
| 18:34 | Build | Market |
| 19:11 | Build | Barracks |
| 20:08 | Research | Castle Age |
| 20:19 | Build | Archery Range |
| 22:00 | Research | Fletching |
| 22:48 | Age | Castle Age |
| 23:00 | Research | Hand Cart |
| 23:02 | Research | Town Patrol |
| 23:06 | Research | Bow Saw |
| 23:35 | Build | Castle |
| 23:45 | Build | University |
| 24:12 | Research | Bodkin Arrow |
| 24:14 | Research | Padded Archer Armor |
| 24:35 | Research | Murder Holes |
| 24:35 | Research | Ballistics |
| 24:37 | Research | Treadmill Crane |
| 24:43 | Research | Heavy Plow |
| 25:06 | Build | Town Center |
| 25:50 | Build | Farm |
| 25:52 | Build | Farm |
| 25:53 | Build | Farm |
| 25:55 | Build | Farm |
| 26:18 | Create | Janissary |
| 26:18 | Create | Janissary |
| 26:18 | Create | Janissary |
| 26:19 | Create | Janissary |
| 26:19 | Create | Janissary |
| 26:19 | Create | Janissary |
| 26:20 | Create | Janissary |
| 26:41 | Create | Villager (Male) |
| 26:41 | Create | Villager (Male) |
| 26:41 | Create | Villager (Male) |
| 27:22 | Research | Fortified Wall (upgrade) |
| 27:30 | Research | Gold Mining |
| 28:10 | Research | Loom |
Match timeline
| 12:45 | Big Black Cheif · age_up feudal |
| 16:40 | HeroGaming · age_up feudal |
| 17:05 | Big Black Cheif · first_building Barracks |
| 18:47 | Big Black Cheif · first_building Stable |
| 19:11 | HeroGaming · first_building Barracks |
| 20:19 | HeroGaming · first_building Archery Range |
| 22:48 | HeroGaming · age_up castle |
| 23:35 | HeroGaming · first_building Castle |
| 24:51 | Big Black Cheif · age_up castle |
| 25:47 | HeroGaming · first_market_buy 100 wood |
| 28:13 | Big Black Cheif · resign |
[ AI ANALYSIS · 1 CREDIT ]
What really happened in this match?
Wolo.gg analyzes every decision: build order, eco, micro, common mistakes by bracket. Personalized analysis on WhatsApp or Discord in 30 seconds.
Civ guide
Burgundians
Map guide
Arena
Perfil
Jugador #39173